 Dungeon Crawl Stone Soup version 0.21.1-1-g345015fe64 (webtiles) character file.

36617 Kholdaimon the Thaumaturge (level 13, -3/102 HPs)
             Began as a Gnoll Skald on June 23, 2018.
             Was an Elder of Dithmenos.
             Slain by a four-headed hydra (5 damage)
             ... on level 5 of the Lair of Beasts on June 24, 2018.
             The game lasted 02:39:05 (19314 turns).

Kholdaimon the Thaumaturge (Gnoll Skald)           Turns: 19314, Time: 02:39:06

Health: -3/102     AC: 10    Str: 14    XL:     13   Next: 91%
Magic:  16/35      EV: 17    Int: 23    God:    Dithmenos [****..]
Gold:   617        SH: 11    Dex: 16    Spells: 13/31 levels left

rFire    + . .     SeeInvis .   A - +9 dagger "Igose" {speed, rN+ Int+6 Stlth+}
rCold    x . .     Gourm    .   t - +0 shield
rNeg     + . .     Faith    .   H - +2 leather armour of the Hall of Blades {rPois MR+ rCorr Str-2}
rPois    +         Spirit   .   (no helmet)
rElec    .         Reflect  .   y - +0 cloak
rCorr    +         Harm     .   U - +0 pair of gloves
MR       +....                  E - +0 pair of boots
Stlth    +++++++...             p - amulet of magic regeneration
HPRegen  0.27/turn              s - ring of fire
MPRegen  0.49/turn              S - ring of magical power

@: lethally poisoned (-3 -> -7), infused, hasted, wreathed by umbra, very quick
A: distributed training, fangs 1, strong nose
a: Shadow Step, Renounce Religion


You were on level 5 of the Lair of Beasts.
You worshipped Dithmenos.
Dithmenos was greatly pleased with you.
You were hungry.

You visited 3 branches of the dungeon, and saw 17 of its levels.

You collected 860 gold pieces.
You spent 243 gold pieces at shops.

Inventory:

Hand Weapons
 w - a +0 blowgun
 A - the +9 dagger "Igose" (weapon) {speed, rN+ Int+6 Stlth+}
   (You found it on level 4 of the Dungeon)

   Attacks with this weapon are significantly faster.
   It affects your intelligence (+6).
   It protects you from negative energy.
   It makes you more stealthy.
 M - a +2 mace of crushing
 P - a +0 hand crossbow
Missiles
 e - 177 sling bullets
 x - 68 poisoned needles
 B - 3 javelins (quivered)
 G - a throwing net
 Q - 58 bolts
 W - 6 curare-tipped needles
 X - 7 needles of sleeping
Armour
 f - a +1 scale mail of cold resistance
 t - a +0 shield (worn)
 y - a +0 cloak (worn)
 E - a +0 pair of boots (worn)
 H - the +2 leather armour of the Hall of Blades (worn) {rPois MR+ rCorr Str-2}
   (You bought it in a shop on level 11 of the Dungeon)

   It affects your strength (-2).
   It protects you from poison.
   It affects your resistance to hostile enchantments.
   It protects you from acid and corrosion.
 L - a +2 leather armour of fire resistance
 U - a +0 pair of gloves (worn)
 V - a +2 leather armour of magic resistance
Jewellery
 p - an amulet of magic regeneration (around neck)
 s - a ring of fire (left hand)
 S - a ring of magical power (right hand)
Wands
 D - a wand of disintegration (10)
 O - a wand of polymorph (25)
 T - a wand of digging (17)
Scrolls
 a - a scroll of random uselessness {unknown}
 b - 2 scrolls of magic mapping
 h - 2 scrolls of blinking {unknown}
 i - 6 scrolls of enchant weapon
 l - 3 scrolls of amnesia
 n - 2 scrolls of teleportation
 q - 3 scrolls of remove curse
 r - a scroll of fog {unknown}
 I - 4 scrolls of enchant armour {unknown}
 K - 2 scrolls of noise {unknown}
 Z - a scroll of vulnerability {unknown}
Potions
 g - 5 potions of flight
 j - a potion of heal wounds
 m - 4 potions of curing
 o - 3 potions of brilliance
 u - 5 potions of agility
 v - 4 potions of mutation
 z - 3 potions of haste
 C - 3 potions of might
 F - a potion of cancellation
 N - a potion of invisibility
 R - 3 potions of lignification
Comestibles
 c - 16 chunks of flesh
 d - 29 rations


   Skills:
 + Level 9.7 Fighting
 + Level 8.5 Short Blades
 + Level 8.5 Long Blades
 + Level 9.7 Axes
 + Level 8.5 Maces & Flails
 + Level 8.5 Polearms
 + Level 8.5 Staves
 + Level 8.5 Slings
 + Level 8.5 Bows
 + Level 8.5 Crossbows
 + Level 8.5 Throwing
 + Level 9.0 Armour
 + Level 9.7 Dodging
 + Level 8.5 Stealth
 + Level 8.5 Shields
 + Level 8.5 Unarmed Combat
 + Level 9.9 Spellcasting
 + Level 7.1 Conjurations
 + Level 7.1 Hexes
 + Level 9.1 Charms
 + Level 7.1 Summonings
 + Level 7.1 Necromancy
 + Level 7.1 Translocations
 + Level 7.1 Transmutations
 + Level 7.1 Fire Magic
 + Level 7.1 Ice Magic
 + Level 7.1 Air Magic
 + Level 7.1 Earth Magic
 + Level 7.1 Poison Magic
 + Level 9.3 Invocations
 + Level 8.5 Evocations


You had 13 spell levels left.
You knew the following spells:

 Your Spells              Type           Power        Failure   Level  Hunger
a - Infusion              Chrm           ####         1%          1    None
b - Shroud of Golubria    Chrm/Tloc      #####.....   1%          2    None
c - Regeneration          Chrm/Necr      #####.....   1%          3    None
d - Blink                 Tloc           N/A          1%          2    None
e - Slow                  Hex            #####...     1%          2    None
f - Ensorcelled Hibernat  Hex/Ice        #####.       1%          2    None
g - Darkness              Hex            #####.....   77%         6    ######.


Dungeon Overview and Level Annotations

Branches:
Dungeon (11/15)            Temple (1/1) D:5            Lair (5/6) D:11
 Shoals (0/4) Lair:3       Spider (0/4) Lair:2          Orc (0/2) D:10
  Slime: Lair:5-6

Altars:
Ashenzari
Dithmenos
Fedhas
Gozag
Kikubaaqudgha
Makhleb
Nemelex Xobeh
Okawaru
Qazlal
Sif Muna
Uskayaw
Vehumet
Wu Jian
The Shining One

Shops:
D:11 *

Annotations:
D:6 exclusion: downstairs
Lair:5 Josephine


Innate Abilities, Weirdness & Mutations

Your experience applies equally to all skills.
You have very sharp teeth.
Your uncanny sense of smell can sniff out nearby items.


Message History

Casting: Shroud of Golubria
Confirm with . or Enter, or press ? or * to list all spells.
Space distorts slightly along a thin shroud covering your body.
Your skin stops crawling.
You feel sick. The spiny frog misses you.
Josephine hits you but does no damage.
You block the four-headed hydra's attack.
The four-headed hydra bites you!
Your shroud falls apart!
The four-headed hydra bites you!
* * * LOW HITPOINT WARNING * * *
The four-headed hydra bites you but does no damage.
You feel yourself speed up.
You feel sick. You block the spiny frog's attack.
Josephine is infused with unholy energy.
* * * LOW HITPOINT WARNING * * *
Josephine draws life force from you and is healed!
The wraith closely misses you. The four-headed hydra bites you!
* * * LOW HITPOINT WARNING * * *
The four-headed hydra bites you.
You die...

##........P##
#........### #........##
##........##
#..........####
#.................###
......................#
.........................
............W@...........
...........WF@D###.......
..##.#.......Wr.# ###....
.# ####.........# ....
###.)...P## ... #.....##
#......# ##.....# #......


You could see a four-headed hydra, Josephine, a spiny frog, 3 wraiths and a
porcupine.

Vanquished Creatures
  The ghost of Dickchan the Impaler, a journeyman MfFi of Dithmenos (D:11)
  6 hydras
  2 two-headed ogres
  The ghost of makkenr95 the Carver, a novice MiFi of Wu Jian (D:7)
  An unseen horror (D:10)
  An oklob plant (Lair:1)
  An ugly thing (D:11)
  The ghost of LilDood the Slinger, a novice HaHu (D:6)
  2 cyclopes (D:11)
  A merfolk siren (Lair:3)
  A black mamba (Lair:2)
  7 elephants
  7 spiny frogs
  A gargoyle (D:11)
  6 komodo dragons
  The ghost of kaisn the Magician, a novice GnWz of Ashenzari (D:4)
  4 rime drakes
  A tengu conjurer (D:10)
  A troll (D:10)
  8 jumping spiders (Lair:2)
  9 blink frogs
  7 dream sheep (Lair:4)
  5 hippogriffs
  3 redbacks (Lair:2)
  29 yaks
  A basilisk (Lair:1)
  The ghost of faabio the Chopper, an amateur HOMo (D:5)
  A human (D:10)
  2 hungry ghosts
  Edmund (D:5)
  2 wargs (D:10)
  Duvessa (D:7)
  5 porcupines
  7 water moccasins
  3 ice beasts
  2 sky beasts (D:5)
  2 black bears
  2 orc warriors (D:8)
  A phantom (D:7)
  The ghost of Lokiki the Skirmisher, an amateur DsAK of Lugonu (D:3)
  4 wolves (Lair:2)
  3 centaurs
  3 ogres
  A big kobold (D:10)
  4 crocodiles
  15 bullfrogs
  Dowan (D:7)
  4 scorpions
  2 howler monkeys
  16 killer bees
  3 crimson imps
  3 centaur zombies
  8 hounds
  A bullfrog zombie (D:7)
  8 orc priests
  2 centaur skeletons
  A bullfrog skeleton (D:4)
  2 jellies
  An iguana (D:8)
  Natasha (D:2)
  18 orc wizards
  11 worker ants
  2 hound zombies (D:5)
  2 worker ant zombies
  3 gnolls (D:5)
  14 adders
  A shadow imp (D:6)
  An ooze (D:3)
  An adder zombie (D:6)
  2 adder skeletons
  3 worms
  3 dart slugs
  2 leopard geckos
  44 orcs
  5 bats
  8 giant cockroaches
  7 goblins
  10 hobgoblins
  19 jackals
  4 quokkas
  A ball python (D:8)
  5 frilled lizards
  15 kobolds
  2 leopard gecko zombies
  5 rats
  A plant (Lair:1)
411 creatures vanquished.

Vanquished Creatures (others)
  A bush (Lair:2)
  7 fungi
  6 plants
14 creatures vanquished.

Grand Total: 425 creatures vanquished

Notes
Turn   | Place    | Note
-------+----------+-------------------------------------------
     0 | D:1      | Kholdaimon the Gnoll Skald began the quest for the Orb.
     0 | D:1      | Reached XP level 1. HP: 20/20 MP: 6/6
   118 | D:1      | Reached XP level 2. HP: 19/26 MP: 7/7
   521 | D:1      | Reached XP level 3. HP: 31/31 MP: 9/9
   678 | D:1      | Reached skill level 5 in Spellcasting
  1160 | D:2      | Reached skill level 1 in Invocations
  1198 | D:2      | Found a glowing golden altar of the Shining One.
  1203 | D:2      | Learned a level 2 spell: Shroud of Golubria
  1207 | D:2      | Learned a level 3 spell: Regeneration
  1574 | D:2      | Reached skill level 1 in Short Blades
  1574 | D:2      | Reached skill level 1 in Long Blades
  1574 | D:2      | Reached skill level 1 in Maces & Flails
  1574 | D:2      | Reached skill level 1 in Polearms
  1574 | D:2      | Reached skill level 1 in Staves
  1574 | D:2      | Reached skill level 1 in Slings
  1574 | D:2      | Reached skill level 1 in Bows
  1574 | D:2      | Reached skill level 1 in Crossbows
  1574 | D:2      | Reached skill level 1 in Throwing
  1574 | D:2      | Reached skill level 1 in Stealth
  1574 | D:2      | Reached skill level 1 in Shields
  1574 | D:2      | Reached skill level 1 in Unarmed Combat
  1574 | D:2      | Reached skill level 1 in Evocations
  1574 | D:2      | Reached XP level 4. HP: 36/38 MP: 0/11
  1680 | D:2      | Noticed Natasha
  1695 | D:2      | Killed Natasha
  1975 | D:2      | Reached skill level 1 in Conjurations
  1975 | D:2      | Reached skill level 1 in Hexes
  1975 | D:2      | Reached skill level 1 in Summonings
  1975 | D:2      | Reached skill level 1 in Necromancy
  1975 | D:2      | Reached skill level 1 in Translocations
  1975 | D:2      | Reached skill level 1 in Transmutations
  1975 | D:2      | Reached skill level 1 in Fire Magic
  1975 | D:2      | Reached skill level 1 in Ice Magic
  1975 | D:2      | Reached skill level 1 in Air Magic
  1975 | D:2      | Reached skill level 1 in Earth Magic
  1975 | D:2      | Reached skill level 1 in Poison Magic
  2241 | D:3      | Noticed Lokiki's ghost (amateur DsAK)
  2297 | D:3      | Killed Lokiki's ghost
  2297 | D:3      | Reached XP level 5. HP: 20/43 MP: 0/12
  2882 | D:3      | Reached XP level 6. HP: 47/50 MP: 13/13
  3135 | D:3      | Noticed an ice beast
  3152 | D:3      | Killed an ice beast
  3152 | D:3      | Reached skill level 5 in Fighting
  3152 | D:3      | Reached skill level 5 in Axes
  3152 | D:3      | Reached skill level 5 in Dodging
  3414 | D:4      | Noticed kaisn's ghost (novice GnWz)
  4093 | D:4      | Reached XP level 7. HP: 56/56 MP: 15/15
  4284 | D:4      | Got a translucent dagger
  4289 | D:4      | Found a radiant altar of Vehumet.
  4469 | D:4      | Identified the +9 dagger "Igose" {speed, rN+ Int+6 Stlth+} (You found it on level 4 of the Dungeon)
  4530 | D:4      | Killed kaisn's ghost
  4692 | D:5      | Entered Level 5 of the Dungeon
  4695 | D:5      | Noticed Edmund
  4727 | D:5      | Reached XP level 8. HP: 47/63 MP: 16/16
  4838 | D:5      | Noticed faabio's ghost (amateur HOMo)
  4848 | D:5      | Killed faabio's ghost
  4917 | D:5      | Found a staircase to the Ecumenical Temple.
  4981 | Temple   | Entered the Ecumenical Temple
  5003 | Temple   | Became a worshipper of Dithmenos the Shadowed
  5166 | D:5      | Killed Edmund
  5715 | D:6      | Reached XP level 9. HP: 65/69 MP: 18/18
  5731 | D:6      | Reached * piety under Dithmenos
  5918 | D:6      | Found an opulent altar of Gozag.
  6391 | D:6      | Noticed LilDood's ghost (novice HaHu)
  6413 | D:6      | Killed LilDood's ghost
  6413 | D:6      | Reached skill level 5 in Armour
  6661 | D:7      | Noticed makkenr95's ghost (novice MiFi)
  7119 | D:7      | Reached skill level 5 in Invocations
  7200 | D:7      | Killed makkenr95's ghost
  7200 | D:7      | Reached XP level 10. HP: 53/77 MP: 2/20
  7213 | D:7      | Reached ** piety under Dithmenos
  7384 | D:7      | Found a deep blue altar of Sif Muna.
  7448 | D:7      | Reached skill level 5 in Short Blades
  7448 | D:7      | Reached skill level 5 in Long Blades
  7448 | D:7      | Reached skill level 5 in Maces & Flails
  7448 | D:7      | Reached skill level 5 in Polearms
  7448 | D:7      | Reached skill level 5 in Staves
  7448 | D:7      | Reached skill level 5 in Slings
  7448 | D:7      | Reached skill level 5 in Bows
  7448 | D:7      | Reached skill level 5 in Crossbows
  7448 | D:7      | Reached skill level 5 in Throwing
  7448 | D:7      | Reached skill level 5 in Stealth
  7448 | D:7      | Reached skill level 5 in Shields
  7448 | D:7      | Reached skill level 5 in Unarmed Combat
  7448 | D:7      | Reached skill level 5 in Evocations
  7638 | D:7      | Found a burning altar of Makhleb.
  7700 | D:7      | Found a stormy altar of Qazlal.
  7788 | D:7      | Noticed Duvessa
  7792 | D:7      | Noticed Dowan
  7793 | D:7      | Killed Duvessa
  7803 | D:7      | Killed Dowan
  8955 | D:9      | Found a glowing golden altar of the Shining One.
  9378 | D:9      | Reached *** piety under Dithmenos
  9469 | D:10     | Entered Level 10 of the Dungeon
  9493 | D:10     | Noticed a two-headed ogre
  9495 | D:10     | Killed a two-headed ogre
  9585 | D:10     | Reached XP level 11. HP: 29/84 MP: 10/22
 10202 | D:10     | Found a staircase to the Orcish Mines.
 11042 | D:10     | Found a blossoming altar of Fedhas.
 11379 | D:10     | Killed an unseen horror
 11379 | D:10     | Reached skill level 5 in Conjurations
 11379 | D:10     | Reached skill level 5 in Hexes
 11379 | D:10     | Reached skill level 5 in Summonings
 11379 | D:10     | Reached skill level 5 in Necromancy
 11379 | D:10     | Reached skill level 5 in Translocations
 11379 | D:10     | Reached skill level 5 in Transmutations
 11379 | D:10     | Reached skill level 5 in Fire Magic
 11379 | D:10     | Reached skill level 5 in Ice Magic
 11379 | D:10     | Reached skill level 5 in Air Magic
 11379 | D:10     | Reached skill level 5 in Earth Magic
 11379 | D:10     | Reached skill level 5 in Poison Magic
 11804 | D:11     | Noticed a purple ugly thing
 11805 | D:11     | Noticed a cyclops
 11830 | D:11     | Killed a cyclops
 11865 | D:11     | Killed a purple ugly thing
 12275 | D:11     | Noticed Dickchan's ghost (journeyman MfFi)
 12276 | D:11     | Noticed a cyclops
 12312 | D:11     | Killed Dickchan's ghost
 12319 | D:11     | Killed a cyclops
 12672 | D:11     | Found Xeneuh Nogoa's Assorted Antiques.
 12675 | D:11     | Bought a scroll of identify for 54 gold pieces
 12676 | D:11     | Bought a steaming leather armour for 189 gold pieces
 12686 | D:11     | Identified the +2 leather armour of the Hall of Blades {rPois MR+ rCorr Str-2} (You bought it in a shop on level 11 of the Dungeon)
 12836 | D:11     | Reached XP level 12. HP: 92/93 MP: 19/24
 12881 | D:11     | Noticed a two-headed ogre
 12902 | D:11     | Killed a two-headed ogre
 12946 | D:11     | Found a staircase to the Lair.
 13173 | Lair:1   | Entered Level 1 of the Lair of Beasts
 13174 | Lair:1   | Noticed a four-headed hydra
 13180 | Lair:1   | Noticed a four-headed hydra
 13202 | D:11     | Killed a four-headed hydra
 13399 | Lair:1   | Killed a four-headed hydra
 14258 | Lair:2   | Noticed a seven-headed hydra
 14288 | Lair:2   | Noticed a four-headed hydra
 14304 | Lair:2   | Killed a four-headed hydra
 14510 | Lair:1   | Killed a seven-headed hydra
 15227 | Lair:2   | Learned a level 2 spell: Blink
 15230 | Lair:2   | Learned a level 2 spell: Slow
 15302 | Lair:2   | Found a hole to the Spider Nest.
 15366 | Lair:2   | Reached **** piety under Dithmenos
 15366 | Lair:2   | Reached XP level 13. HP: 53/101 MP: 23/26
 16762 | Lair:3   | Found an iron altar of Okawaru.
 16942 | Lair:3   | Learned a level 2 spell: Ensorcelled Hibernation
 17031 | Lair:3   | Learned a level 6 spell: Darkness
 17260 | Lair:3   | Found a staircase to the Shoals.
 19283 | Lair:5   | Noticed Josephine
 19314 | Lair:5   | HP: 2/102 [four-headed hydra (10)]
 19314 | Lair:5   | Slain by a four-headed hydra

Skill      XL: |  1  2  3  4  5  6  7  8  9 10 11 12 13 |
---------------+----------------------------------------+-----
Spellcasting   | 5 6 7 8 9 |  9.9
Invocations    | 1 2 3 4 5 6 7 8 9 |  9.3
Short Blades   | 1 2 3 4 5 6 7 8 |  8.5
Long Blades    | 1 2 3 4 5 6 7 8 |  8.5
Maces & Flails | 1 2 3 4 5 6 7 8 |  8.5
Polearms       | 1 2 3 4 5 6 7 8 |  8.5
Staves         | 1 2 3 4 5 6 7 8 |  8.5
Slings         | 1 2 3 4 5 6 7 8 |  8.5
Bows           | 1 2 3 4 5 6 7 8 |  8.5
Crossbows      | 1 2 3 4 5 6 7 8 |  8.5
Throwing       | 1 2 3 4 5 6 7 8 |  8.5
Stealth        | 1 2 3 4 5 6 7 8 |  8.5
Shields        | 1 2 3 4 5 6 7 8 |  8.5
Unarmed Combat | 1 2 3 4 5 6 7 8 |  8.5
Evocations     | 1 2 3 4 5 6 7 8 |  8.5
Conjurations   | 1 2 3 4 5 6 7 |  7.1
Hexes          | 1 2 3 4 5 6 7 |  7.1
Summonings     | 1 2 3 4 5 6 7 |  7.1
Necromancy     | 1 2 3 4 5 6 7 |  7.1
Translocations | 1 2 3 4 5 6 7 |  7.1
Transmutations | 1 2 3 4 5 6 7 |  7.1
Fire Magic     | 1 2 3 4 5 6 7 |  7.1
Ice Magic      | 1 2 3 4 5 6 7 |  7.1
Air Magic      | 1 2 3 4 5 6 7 |  7.1
Earth Magic    | 1 2 3 4 5 6 7 |  7.1
Poison Magic   | 1 2 3 4 5 6 7 |  7.1
Armour         | 3 4 5 6 7 8 9 |  9.0
Fighting       | 5 6 7 8 9 |  9.7
Axes           | 5 6 7 8 9 |  9.7
Dodging        | 5 6 7 8 9 |  9.7
Charms         | 6 7 8 9 |  9.1

Action                   |  1- 3 |  4- 6 |  7- 9 | 10-12 | 13-15 || total
-------------------------+-------+-------+-------+-------+-------++-------
Melee: Hand axe          |   128 |   191 |    41 |       |       ||   360
       Bite              |     9 |    17 |    39 |   137 |    93 ||   295
       Punch             |     2 |     3 |     8 |    10 |       ||    23
       Dagger            |       |       |   342 |   982 |   618 ||  1942
 Fire: Blowgun           |       |       |       |    12 |     8 ||    20
Throw: Stone             |       |       |     1 |     7 |       ||     8
 Cast: Shroud of Golubri |     1 |     9 |    17 |    54 |    35 ||   116
       Infusion          |     1 |     7 |    11 |    35 |    23 ||    77
       Regeneration      |     1 |     3 |     9 |    36 |    25 ||    74
       Ensorcelled Hiber |       |       |       |       |    12 ||    12
Invok: Shadow Step       |       |       |       |     6 |     2 ||     8
Evoke: Wand              |       |       |     3 |     1 |       ||     4
  Use: Scroll            |       |     7 |     4 |     4 |     5 ||    20
       Potion            |       |       |       |     8 |     2 ||    10
 Stab: Sleeping          |       |     1 |     5 |    20 |     3 ||    29
  Eat: Chunk             |     2 |     9 |     8 |    21 |    14 ||    54
       Ration            |       |       |     1 |     2 |       ||     3
Armor: Leather armour    |    28 |     5 |    53 |   201 |    95 ||   382
       Ring mail         |       |    44 |    41 |       |       ||    85
Dodge: Dodged            |    91 |   115 |   304 |   623 |   332 ||  1465
Block: Shield            |       |       |       |   179 |   272 ||   451
